 Dungeon Crawl Stone Soup version 0.26.1-11-gd32895ea62 (webtiles) character file.

Game seed: 265996380806420729

93 Zeld the Poker (level 4, 0/35 HPs)
             Began as a Merfolk Monk on May 25, 2021.
             Slain by a jelly (1 damage)
             ... on level 2 of the Dungeon.
             The game lasted 00:02:23 (2045 turns).

Zeld the Poker (Merfolk Monk)                       Turns: 2045, Time: 00:02:24

Health: 0/35       AC:  2    Str: 12    XL:     4   Next: 61%
Magic:  4/4        EV: 14    Int:  9    God:
Gold:   64         SH:  0    Dex: 16    Spells: 3/3 levels left

rFire    . . .     SeeInvis .   a - +0 spear
rCold    . . .     Faith    .   (no shield)
rNeg     . . .     Spirit   .   b - +0 robe
rPois    .         Reflect  .   (no helmet)
rElec    .         Harm     .   (no cloak)
rCorr    .         Rampage  .   (no gloves)
Will     .....                  (no boots)
Stlth    ++........             (no amulet)
HPRegen  0.11/turn              (no ring)
MPRegen  0.09/turn              (no ring)

@: no status effects
A: change form in water, swift swim, stealthy swim
a: no special abilities


You were on level 2 of the Dungeon.
You visited 1 branch of the dungeon, and saw 2 of its levels.

You collected 64 gold pieces.

Inventory:

Hand Weapons
 a - a +0 spear (weapon)
Missiles
 c - 16 poisoned darts (quivered)
Armour
 b - a +0 robe (worn)
Wands
 k - a wand of flame (24)
Scrolls
 d - 4 scrolls of teleportation {unknown}
 f - a scroll of remove curse {unknown}
 h - a scroll of enchant weapon {unknown}
 j - a scroll of fog {unknown}
 l - a scroll of identify {unknown}
Potions
 e - 2 potions of degeneration {unknown}
 g - a potion of curing {unknown}
 i - a potion of haste {unknown}


   Skills:
 - Level 3.2 Fighting
 * Level 7.6 Polearms
 - Level 4.0 Dodging
 - Level 2.1 Stealth


You had 3 spell levels left.
You didn't know any spells.
Your spell library was empty.

Dungeon Overview and Level Annotations

Branches:
Dungeon (2/15)

Altars:
Dithmenos
Okawaru


Message History

You are no longer corroded.
The ooze jiggles.
The jelly jiggles.
You see here 23 sling bullets.
The ooze jiggles.
The ooze quivers.
There is a stone staircase leading up here.
You hit the jelly.
Your hands burn!
The jelly is heavily wounded.
The jelly barely misses you.
You barely miss the jelly.
The jelly is heavily wounded.
The jelly hits you.
You are splashed with acid!
* * * LOW HITPOINT WARNING * * *
You are too injured to fight recklessly!
You hit the jelly.
Your hands burn!
* * * LOW HITPOINT WARNING * * *
The jelly is heavily wounded.
The jelly hits you.
You die...

).).#....J##.###...##########.#.#
._..##.#..##.########### #....
).).#..)........J.JJ...# ###.#
.........)##.#########.##### #)#
###.......##.#########.....# #.#
.#........##......)..#J....# #..
....##......JJ.....#.#.....# ###
.#######.#J..#####.#.#J....# #.
## ###...##.@J.#.#.##### ##
#...##....#.#J# #...##........#
#...##........# ######.....>).#
+.............# ######...####.#
.......)..# ########.)##


You could see a jelly.

Vanquished Creatures
  An adder (D:2)
  2 oozes (D:2)
  5 dart slugs
  3 giant cockroaches
  7 goblins
  13 hobgoblins
  2 jackals (D:2)
  7 bats
  3 frilled lizards
  14 kobolds
  2 rats (D:1)
59 creatures vanquished.

Vanquished Creatures (others)
  6 fungi (D:2)
  6 toadstools (D:2)
12 creatures vanquished.

Grand Total: 71 creatures vanquished

Notes
Turn   | Place    | Note
-------+----------+-------------------------------------------
     0 | D:1      | Zeld the Merfolk Monk began the quest for the Orb.
     0 | D:1      | Reached XP level 1. HP: 18/18 MP: 1/1
    70 | D:1      | Reached skill level 5 in Polearms
    76 | D:1      | Reached XP level 2. HP: 16/24 MP: 2/2
   669 | D:1      | Reached skill level 6 in Polearms
   669 | D:1      | Reached XP level 3. HP: 29/29 MP: 3/3
  1128 | D:2      | Found an iron altar of Okawaru.
  1189 | D:2      | Reached XP level 4. HP: 35/35 MP: 4/4
  1267 | D:2      | Found a shadowy altar of Dithmenos.
  1283 | D:2      | Reached skill level 7 in Polearms
  2045 | D:2      | HP: 1/35 [acid (4)]
  2045 | D:2      | Slain by a jelly

Illustrated notes

Levels and vault maps discovered:
D:1:      wheals_arrival_shading, layout_loops_ring
D:2:      cheibrodos_fertilizer, layout_basic, lemuel_coloured_pillars_altar,
          nicolae_overflow_crystal_walls, okawaru_ov_weapons_minmay

Skill      XL: |  1  2  3  4 |
---------------+-------------+-----
Polearms       | 5 6 7 |  7.6
Fighting       | |  3.2
Dodging        | |  4.0
Stealth        | |  2.1

Action                   |  1- 3 |  4- 6 || total
-------------------------+-------+-------++-------
Melee: Spear             |   148 |    80 ||   228
 Stab: Sleeping          |     7 |     3 ||    10
Armor: Robe              |     5 |     5 ||    10
Dodge: Dodged            |    60 |    42 ||   102
